Map: Ever Dream LE

Players

A.I. 2 (Very Hard)

  • Race: Terran Terran
  • Spawn Location: 1:00

Saitama - Winner!

  • Race: Terran Terran
  • League: Diamond
  • Spawn Location: 7:00

VOD

Have the link to the VOD?

Description

Time

  • Played on: Sept. 13, 2020, 7:12 p.m.
  • Length: 13:49
Show
View Real Time Build Order
Export as new Build Order

A.I. 2 (Very Hard) Terran 

Build Orders:  

Get SALT Encoding   

  12  0:00  SCV  
  13  0:13  SCV  
  14  0:18  Supply Depot  
  14  0:25  SCV  
  15  0:28  Refinery  
  15  0:39  SCV  
  16  0:47  Barracks  
  16  0:52  SCV  
  17  1:04  SCV  
  18  1:16  SCV  
  19  1:33  Marine  
  19  1:36  Orbital Command, Supply Depot  
  19  1:39  Factory  
  20  1:48  Barracks  
  20  1:51  Marine  
  21  2:02  SCV  
  21  2:04  Refinery  
  22  2:09  Marine  
  22  2:14  SCV  
  24  2:20  Supply Depot  
  24  2:23  Factory Tech Lab  
  24  2:26  SCV  
  24  2:27  Marine  
  26  2:35  Marine  
  27  2:42  Siege Tank  
  27  2:44  SCV  
  31  2:45  Marine  
  32  2:53  Marine  
  32  2:56  Supply Depot  
  32  2:57  SCV  
  34  3:03  Marine  
  35  3:10  Marine  
  36  3:15  Siege Tank  
  36  3:18  SCV  
  40  3:21  Marine  
  41  3:27  Supply Depot  
  41  3:28  Marine  
  42  3:38  SCV, Marine  
  44  3:47  Siege Tank  
  47  4:01  SCV  
  47  4:02  Command Center  
  48  4:06  Barracks Tech Lab  
  48  4:08  Barracks Tech Lab  
  48  4:14  SCV  
  49  4:18  Supply Depot  
  49  4:25  Marauder  
  49  4:26  SCV  
  49  4:29  Marauder  
  54  4:38  SCV  
  55  4:39  Stimpack  
  55  4:46  Marauder  
  55  4:48  Barracks  
  57  4:54  Supply Depot  
  57  4:56  Marauder  
  59  5:07  Marauder  
  62  5:14  SCV  
  62  5:15  SCV  
  62  5:17  Marine  
  64  5:26  SCV  
  64  5:27  SCV  
  66  5:28  Marine  
  66  5:33  Siege Tank  
  66  5:35  Marauder, Barracks Reactor  
  72  5:38  SCV  
  72  5:39  SCV  
  74  5:44  Combat Shield  
  74  5:47  Marauder  
  76  5:50  SCV  
  76  5:52  SCV  
  76  5:53  Supply Depot  
  76  5:57  Marauder  
  80  6:02  SCV  
  81  6:05  Engineering Bay  
  81  6:08  Marauder  
  81  6:09  SCV  
  84  6:14  SCV  
  84  6:18  Supply Depot, Marauder  
  87  6:19  Concussive Shells  
  87  6:21  SCV  
  88  6:26  SCV  
  88  6:31  Terran Infantry Armor Level 1, Engineering Bay  
  89  6:33  SCV  
  89  6:39  SCV  
  91  6:40  Missile Turret  
  91  6:45  SCV  
  91  6:46  Supply Depot  
  92  6:48  Missile Turret  
  92  6:53  Barracks  
  92  6:56  Terran Infantry Weapons Level 1, Starport  
  92  6:58  Orbital Command  
  92  7:01  Marine  
  93  7:03  Marine  
  93  7:06  Marauder  
  96  7:14  Supply Depot  
  96  7:19  Marauder  
  96  7:20  Refinery  
  98  7:24  Refinery  
  98  7:28  Missile Turret, Siege Tank  
  101  7:32  Starport Reactor  
  101  7:43  SCV x2  
  103  7:46  Supply Depot  
  103  7:48  Missile Turret  
  103  7:55  SCV  
  103  7:56  SCV, Marine  
  95  7:58  Marine x2  
  95  7:59  Marine x2  
  95  8:00  Siege Tank  
  94  8:07  SCV  
  94  8:08  Medivac  
  97  8:14  Marine  
  97  8:16  Marine x2  
  97  8:17  Marine x2  
  102  8:32  Siege Tank  
  102  8:34  Supply Depot  
  105  8:40  Marine, Liberator  
  109  8:54  Liberator  
  109  8:55  Marine  
  112  8:59  Supply Depot  
  112  9:00  Command Center  
  113  9:05  Siege Tank  
  116  9:19  Marine  
  116  9:21  Marine  
  116  9:23  Liberator  
  119  9:29  SCV x2  
  101  9:31  Marauder  
  101  9:37  Marine, Liberator, Widow Mine  
  99  9:39  Marine  
  99  9:41  SCV x2, Marine  
  99  9:43  Marine  
  87  9:51  Missile Turret  
  87  9:52  Marine  
  84  9:53  SCV x2  
  84  9:57  Marine  
  84  9:58  Marine x2  
  90  10:03  Marine  
  90  10:05  SCV x2  
  90  10:06  Medivac  
  95  10:10  Marine  
  95  10:12  SCV  
  97  10:14  Marine  
  97  10:17  SCV  
  97  10:18  SCV  
  100  10:24  SCV, Liberator  
  104  10:29  SCV, Marine  
  104  10:31  SCV  
  104  10:34  Marine  
  108  10:36  SCV  
  108  10:39  Marauder  
  108  10:41  SCV  
  112  10:43  SCV  
  112  10:48  Armory  
  113  10:51  SCV  
  113  10:53  SCV  
  113  10:55  SCV  
  116  11:03  SCV  
  117  11:06  SCV, Armory  
  117  11:07  SCV  
  119  11:15  SCV  
  119  11:18  SCV  
  120  11:20  SCV  
  120  11:24  Marine x2  
  112  11:26  Marine  
  112  11:27  Missile Turret, Marine  
  112  11:29  Marine  
  59  11:33  SCV  
  59  11:35  SCV  
  45  11:40  Command Center  
  45  11:42  Marine x2  
  45  11:45  SCV  
  45  11:46  Marauder  
  47  11:55  Marine  
  35  12:08  SCV  
  3  12:20  SCV  
  1  12:52  SCV  
Show
View Real Time Build Order
Export as new Build Order

Saitama Terran - Winner!

Build Orders:  

Get SALT Encoding   

  12  0:00  SCV  
  13  0:12  SCV  
  14  0:16  Supply Depot  
  14  0:24  SCV  
  15  0:38  SCV  
  15  0:40  Barracks  
  16  0:50  SCV  
  17  0:59  Refinery  
  17  1:01  Refinery  
  17  1:02  SCV  
  18  1:14  SCV  
  19  1:26  SCV  
  19  1:29  Marine  
  21  1:38  Command Center  
  21  1:47  Orbital Command  
  21  1:54  Supply Depot  
  21  1:58  Marine  
  22  2:16  SCV, Marine  
  22  2:18  Bunker  
  24  2:29  Factory  
  24  2:30  SCV  
  25  2:42  SCV  
  26  2:54  Orbital Command  
  26  2:56  SCV  
  27  3:00  Marine  
  28  3:08  SCV  
  29  3:14  Factory Tech Lab  
  29  3:19  Starport  
  29  3:20  SCV  
  29  3:22  SCV, Supply Depot  
  31  3:33  SCV  
  32  3:34  SCV, Barracks, Siege Tank  
  36  3:44  Barracks Tech Lab  
  36  3:45  SCV  
  36  3:47  SCV  
  38  3:51  Supply Depot  
  38  3:57  SCV, Starport Reactor  
  39  4:02  Barracks  
  39  4:03  SCV  
  39  4:09  SCV  
  41  4:11  Siege Tank  
  41  4:14  Supply Depot  
  41  4:15  SCV  
  45  4:21  SCV, Barracks  
  46  4:26  Engineering Bay  
  46  4:27  SCV, Engineering Bay  
  46  4:28  Barracks Reactor  
  46  4:29  Combat Shield  
  47  4:33  SCV  
  47  4:38  Marauder  
  50  4:39  SCV  
  50  4:45  SCV  
  52  4:47  Refinery  
  52  4:51  SCV  
  53  4:56  Refinery  
  53  4:57  SCV  
  53  4:58  Supply Depot  
  54  5:03  SCV  
  54  5:05  Siege Tank  
  58  5:09  SCV, Marauder, Barracks Reactor  
  61  5:15  SCV  
  62  5:21  SCV  
  62  5:27  SCV  
  64  5:32  Supply Depot  
  64  5:34  SCV, Supply Depot  
  65  5:36  Barracks Reactor  
  65  5:38  Marauder  
  65  5:39  SCV, Siege Tank  
  71  5:51  Supply Depot  
  71  5:52  SCV x2, Command Center  
  71  5:53  Supply Depot  
  73  5:58  Terran Infantry Weapons Level 1  
  73  6:01  Terran Infantry Armor Level 1  
  73  6:02  Marine  
  74  6:04  SCV  
  74  6:05  SCV  
  76  6:11  Marine x2  
  76  6:12  Marine x2  
  76  6:17  Marine x2  
  82  6:20  Marine  
  82  6:23  Supply Depot  
  83  6:26  SCV x2  
  83  6:29  Marine  
  83  6:31  Marine x3  
  89  6:33  Siege Tank  
  89  6:35  Medivac  
  89  6:38  Medivac, SCV x2  
  98  6:42  Stimpack  
  98  6:45  Marine x3  
  101  6:47  Marine  
  101  6:49  Supply Depot  
  101  6:51  SCV x2  
  101  6:52  Supply Depot  
  104  7:03  SCV  
  104  7:08  SCV  
  107  7:09  Orbital Command  
  107  7:13  Marine x7  
  113  7:15  SCV  
  113  7:18  Armory  
  113  7:20  SCV, Command Center  
  115  7:24  Siege Tank  
  115  7:26  Medivac x2  
  115  7:27  SCV  
  123  7:31  Marine  
  123  7:32  SCV  
  123  7:35  SCV  
  126  7:40  SCV  
  127  7:44  SCV, Refinery  
  127  7:45  Marine x6  
  127  7:47  SCV, Refinery  
  127  7:48  Marine  
  136  7:52  SCV  
  136  7:55  Viking  
  136  7:56  Viking, Siege Tank  
  144  8:03  Marine x4  
  140  8:15  Factory  
  140  8:18  Marine x2  
  140  8:19  Marine  
  143  8:20  SCV  
  143  8:21  Marine x3  
  143  8:22  Concussive Shells  
  147  8:28  Refinery  
  147  8:29  SCV  
  147  8:30  SCV  
  147  8:32  SCV, Siege Tank  
  153  8:34  Refinery  
  153  8:36  Supply Depot, Terran Infantry Weapons Level 2  
  153  8:37  Supply Depot  
  153  8:39  Terran Infantry Armor Level 2  
  153  8:44  Orbital Command  
  153  8:46  Marine x7  
  160  8:58  SCV  
  160  8:59  SCV x2  
  160  9:00  Factory Tech Lab  
  163  9:03  Marine  
  163  9:04  Marine x5  
  169  9:10  SCV  
  169  9:11  SCV x2  
  155  9:51  Marine x7  
  156  9:54  Siege Tank x2  
  156  9:55  Viking x2  
  163  10:05  Barracks x2  
  163  10:09  Marine x7  
  163  10:10  Factory  
  170  10:14  Factory  
  170  10:15  Barracks  
  170  10:18  Barracks  
  170  10:19  Terran Vehicle Weapons Level 1  
  170  10:25  Viking x2, Command Center  
  170  10:26  Siege Tank x2  
  170  10:27  Marine  
  181  10:39  Marine x6  
  187  10:44  Marine  
  188  10:55  Viking x2, Barracks Reactor x2  
  188  10:57  Factory Tech Lab x2, Marine x6  
  192  11:02  Marine  
  199  11:30  Command Center  
  180  11:41  Marine  
  180  11:42  Marine x10  
  189  11:49  Barracks Reactor x2  
  187  11:59  Marine x4  
  184  12:33  Orbital Command  
Tags
 
League
Diamond
Matchup
TvT
Race
Terran
Spawn Locations
Cross Positions
Add a new tag
Caveats
  • Supply blocks, unpowered buildings, or Contaminate may cause inaccurate times.
  • Supply counts are checked every 10 seconds.